 Dungeon Crawl Stone Soup version 0.28-a0-925-gd5e1996cdb (webtiles) character file.

Game seed: 8447212566926402606

256 Ijustatesigmund the Charlatan (level 6, 0/47 HPs)
             Began as a Gnoll Artificer on Nov 26, 2021.
             Slain by an orc priest (4 damage)
             ... on level 4 of the Dungeon.
             The game lasted 00:09:04 (6599 turns).

Ijustatesigmund the Charlatan (Gnoll Artificer)     Turns: 6599, Time: 00:09:05

Health: 0/47       AC:  9    Str: 12    XL:     6   Next: 15%
Magic:  8/8        EV:  6    Int: 12    God:
Gold:   91         SH:  0    Dex: 12    Spells: 8/8 levels left

rFire   . . .      SeeInvis .   k - +0 halberd
rCold   . . .      Faith    .   (shield currently unavailable)
rNeg    . . .      Spirit   .   b - +0 chain mail
rPois   .          Reflect  .   (no helmet)
rElec   .          Harm     .   (no cloak)
rCorr   .          Rampage  .   (no gloves)
Will    .....                   (no boots)
Stlth   ..........              (no amulet)
HPRegen 0.15/turn               (no ring)
MPRegen 0.11/turn               (no ring)

@: no status effects
A: fangs 1, strong nose, distributed training
a: no special abilities


You were on level 4 of the Dungeon.
You visited 1 branch of the dungeon, and saw 4 of its levels.

You collected 91 gold pieces.

Inventory:

Hand Weapons
 a - a +0 spear
 j - a +0 flail
 k - a +0 halberd (weapon)
Armour
 b - a +0 chain mail (worn)
Scrolls
 c - a scroll of enchant weapon {unknown}
 f - 2 scrolls of teleportation
Potions
 l - a potion of brilliance
Miscellaneous
 e - a piece from Xom's chessboard (15/15)


   Skills:
 + Level 3.1 Fighting
 + Level 1.8 Short Blades
 + Level 1.8 Long Blades
 + Level 1.8 Axes
 + Level 1.8 Maces & Flails
 + Level 1.8 Polearms
 + Level 1.8 Staves
 + Level 1.8 Slings
 + Level 1.8 Bows
 + Level 1.8 Crossbows
 + Level 1.8 Throwing
 + Level 4.9 Armour
 + Level 3.1 Dodging
 + Level 3.0 Stealth
 + Level 1.8 Shields
 + Level 1.8 Unarmed Combat
 + Level 1.8 Spellcasting
 + Level 1.4 Conjurations
 + Level 1.4 Hexes
 + Level 1.4 Summonings
 + Level 1.4 Necromancy
 + Level 1.4 Translocations
 + Level 1.4 Transmutations
 + Level 1.4 Fire Magic
 + Level 1.4 Ice Magic
 + Level 1.4 Air Magic
 + Level 1.4 Earth Magic
 + Level 1.4 Poison Magic
 + Level 2.0 Invocations
 + Level 6.8 Evocations


You had 8 spell levels left.
You didn't know any spells.
Your spell library contained the following spells:

 Spells                   Type           Power      Damage    Failure   Level
 Corpse Rot               Necr/Air       8%         N/A       100%        2
 Poisonous Vapours        Pois/Air       8%         N/A       100%        2
 Dazzling Flash           Conj/Hex       8%         N/A       100%        3
 Agony                    Necr           4%         N/A       100%        5
 Silence                  Hex/Air        2%         N/A       100%        5


Dungeon Overview and Level Annotations

Branches:
Dungeon (4/15)
 Temple: D:4-7

Altars:
Elyvilon
Yredelemnul

Annotations:
D:3 1 runed translucent door


Innate Abilities, Weirdness & Mutations

You have very sharp teeth.
Your uncanny sense of smell can sniff out nearby items.
Your experience applies equally to all skills.


Message History

a +0 flail; a +0 short sword The orc wizard gestures at you while chanting.
You resist with some effort.
The orc wizard points at you and mumbles some strange words.
You resist with some effort.
The orc wizard points at you and mumbles some strange words.
You resist with some effort.
You closely miss the orc wizard. Your bite misses the orc wizard.
The orc wizard casts a spell at you. The puff of flame hits you!
* * * LOW HITPOINT WARNING * * *
The orc wizard mumbles some strange words.
The orc wizard flickers and vanishes!
Deactivating autopickup; reactivate with Ctrl-A.
You hit something. Your bite misses something. Something hits you.
* * * LOW HITPOINT WARNING * * *
You barely miss something. Something hits you but does no damage.
You closely miss something.
Something hits you but does no damage. x2
You miss something. You bite something.
You hear some strange, mumbled words.
You are confused.
The orc priest miscasts a cantrip.
You feel better.
You slash the orc priest!
The orc priest is heavily wounded.
Something hits you but does no damage.
The orc priest invokes the aid of Beogh against you.
Beogh smites you!
* * * LOW HITPOINT WARNING * * *
Something completely misses you.
You closely miss the orc priest.
The orc priest is heavily wounded.
The orc priest hits you but does no damage.
Something hits you but does no damage.
You closely miss the orc priest.
The orc priest is heavily wounded.
The orc priest hits you but does no damage.
Something hits you but does no damage.
The orc priest hits you with a +0 short sword.
You die...

## #####...##
#@o.......
#.#.......#.
#.#.#...#.#.
#.#.. ....#.
#)#.......#.
#.#.......#.>
#.#.#...#.#..
#.#.......#.##
#.##.....##.<#


You could see an orc priest.

Vanquished Creatures
  A bullfrog skeleton (D:3)
  An iguana (D:3)
  Terence (D:3)
  8 adders
  2 gnolls (D:2)
  An adder skeleton (D:2)
  2 worms (D:2)
  A dart slug (D:1)
  3 orcs
  5 bats (D:1)
  4 endoplasms
  3 giant cockroaches
  8 goblins
  5 hobgoblins
  3 jackals (D:1)
  4 kobolds (D:3)
  2 quokkas (D:1)
  5 ball pythons
  2 frilled lizards
  5 rats
66 creatures vanquished.

Vanquished Creatures (collateral kills)
  An endoplasm (D:1)
  2 hobgoblins (D:1)
  A jackal (D:1)
  A ball python (D:1)
  A frilled lizard (D:1)
  A rat (D:1)
7 creatures vanquished.

Vanquished Creatures (others)
  A gnoll (D:2)
  An orc (D:4)
  A bat (D:2)
  A giant cockroach (D:1)
  A hobgoblin (D:2)
  2 jackals (D:1)
  A butterfly (D:3)
  4 fungi (D:1)
  9 plants (D:1)
21 creatures vanquished.

Grand Total: 94 creatures vanquished

Notes
Turn   | Place    | Note
-------+----------+-------------------------------------------
     0 | D:1      | Ijustatesigmund the Gnoll Artificer began the quest for the
                  | Orb.
     0 | D:1      | Reached XP level 1. HP: 17/17 MP: 1/1
   257 | D:1      | Reached XP level 2. HP: 17/23 MP: 2/2
   684 | D:1      | Found a faded altar of an unknown god.
   822 | D:1      | Reached XP level 3. HP: 20/28 MP: 3/3
  1705 | D:2      | Reached skill level 1 in Invocations
  1798 | D:2      | Reached skill level 1 in Short Blades
  1798 | D:2      | Reached skill level 1 in Long Blades
  1798 | D:2      | Reached skill level 1 in Axes
  1798 | D:2      | Reached skill level 1 in Maces & Flails
  1798 | D:2      | Reached skill level 1 in Polearms
  1798 | D:2      | Reached skill level 1 in Staves
  1798 | D:2      | Reached skill level 1 in Slings
  1798 | D:2      | Reached skill level 1 in Bows
  1798 | D:2      | Reached skill level 1 in Crossbows
  1798 | D:2      | Reached skill level 1 in Throwing
  1798 | D:2      | Reached skill level 1 in Shields
  1798 | D:2      | Reached skill level 1 in Unarmed Combat
  1798 | D:2      | Reached skill level 1 in Spellcasting
  2013 | D:2      | Reached XP level 4. HP: 34/34 MP: 5/5
  3367 | D:2      | Reached skill level 1 in Conjurations
  3367 | D:2      | Reached skill level 1 in Hexes
  3367 | D:2      | Reached skill level 1 in Summonings
  3367 | D:2      | Reached skill level 1 in Necromancy
  3367 | D:2      | Reached skill level 1 in Translocations
  3367 | D:2      | Reached skill level 1 in Transmutations
  3367 | D:2      | Reached skill level 1 in Fire Magic
  3367 | D:2      | Reached skill level 1 in Ice Magic
  3367 | D:2      | Reached skill level 1 in Air Magic
  3367 | D:2      | Reached skill level 1 in Earth Magic
  3367 | D:2      | Reached skill level 1 in Poison Magic
  3769 | D:3      | Reached XP level 5. HP: 30/40 MP: 5/7
  3841 | D:3      | Noticed Terence
  3850 | D:3      | Killed Terence
  4133 | D:3      | Found a runed translucent door.
  4133 | D:3      | Noticed a human
  4148 | D:3      | Found a basalt altar of Yredelemnul.
  4308 | D:3      | Found a white marble altar of Elyvilon.
  6005 | D:3      | Reached XP level 6. HP: 23/47 MP: 8/8
  6599 | D:4      | Slain by an orc priest

Illustrated notes

Levels and vault maps discovered:
D:1:      arrival_zaba_pyramid, layout_basic,
          shapermc_ecumenical_altar_mp_urbaneastern,
          chequers_serial_rivers_micro_e, minivault_26, nrook_campfire,
          st_stairs_12
D:2:      layout_loops_corners, chequers_serial_rivers_micro_b,
          kennysheep_crisscross, amcnicky_mini_rare_corridor_liquid,
          minmay_misc_feat_hallway
D:3:      layout_loops_ring, dk_yredelemnul_ordeal,
          nicolae_elyvilon_peaceful_grove, minmay_crystal_water, uniq_terence
D:4:      cheibrodos_pilgrimage, layout_basic, uniq_sigmund

Skill      XL: |  1  2  3  4  5 |
---------------+----------------+-----
Invocations    | 1 2 |  2.0
Short Blades   | 1 |  1.8
Long Blades    | 1 |  1.8
Axes           | 1 |  1.8
Maces & Flails | 1 |  1.8
Polearms       | 1 |  1.8
Staves         | 1 |  1.8
Slings         | 1 |  1.8
Bows           | 1 |  1.8
Crossbows      | 1 |  1.8
Throwing       | 1 |  1.8
Shields        | 1 |  1.8
Unarmed Combat | 1 |  1.8
Spellcasting   | 1 |  1.8
Conjurations   | 1 |  1.4
Hexes          | 1 |  1.4
Summonings     | 1 |  1.4
Necromancy     | 1 |  1.4
Translocations | 1 |  1.4
Transmutations | 1 |  1.4
Fire Magic     | 1 |  1.4
Ice Magic      | 1 |  1.4
Air Magic      | 1 |  1.4
Earth Magic    | 1 |  1.4
Poison Magic   | 1 |  1.4
Fighting       | 3 |  3.1
Dodging        | 3 |  3.1
Stealth        | 3 |  3.0
Armour         | |  4.9
Evocations     | |  6.8

Action                   |  1- 3 |  4- 6 || total
-------------------------+-------+-------++-------
Melee: Club              |   167 |       ||   167
       Bite              |    14 |    11 ||    25
       Spear             |    10 |    49 ||    59
       Punch             |     1 |       ||     1
       Halberd           |       |   166 ||   166
Evoke: Wand              |    14 |    16 ||    30
       Piece from Xom's  |     1 |     2 ||     3
  Use: Scroll            |     2 |     4 ||     6
       Potion            |       |     7 ||     7
 Stab: Sleeping          |     3 |     2 ||     5
Armor: Leather armour    |    26 |       ||    26
       Ring mail         |    38 |    21 ||    59
       Chain mail        |       |   122 ||   122
Dodge: Dodged            |   128 |    71 ||   199

Table legend: (Time is in decaauts)
 A = Elapsed time spent in this place.
 B = Non-inter-level travel time spent in this place.
 C = Inter-level travel time spent in this place.
 D = Time resting spent in this place.
 E = Time spent auto-exploring this place.
 F = Levels seen in this place.
 G = Mean time per level.
                   A        B        C        D        E       F      G
               +--------+--------+--------+--------+--------+-----+--------+
         Total |   6706 |   6626 |     80 |   2944 |   2626 |   4 | 1676.5 |
       Dungeon |   6706 |   6626 |     80 |   2944 |   2626 |   4 | 1676.5 |
               +--------+--------+--------+--------+--------+-----+--------+

Top non-repeatable levels by time:
     D:3: 2496 daAuts
     D:2: 2308 daAuts
     D:1: 1682 daAuts
     D:4: 220 daAuts
